[Event "Betsys MČR v online bleskovém šachu 2021"]
[Site "Chess.com"]
[Date "2021.04.17"]
[Round "2"]
[White "sachmaty8"]
[Black "czlolcz"]
[Result "0-1"]
[WhiteElo "1852"]
[BlackElo "2185"]
[TimeControl "180+1"]
[EndTime "9:18:51 PDT"]
[Termination "Uživatel czlolcz zvítězil na čas"]

1. e4 e5 2. Nf3 Nf6 3. d4 Nxe4 4. Bd3 d5 5. Nxe5 Nd7 6. O-O Nxe5 7. dxe5 Be6 8. Nd2 Nc5 9. Nf3 Nxd3 10. Qxd3 Be7 11.
Nd4 c5 12. Nxe6 fxe6 13. f4 g6 14. c3 O-O 15. Qg3 Qe8 16. Be3 b6 17. Rad1 Qf7 18.
Rf2 Qf5 19. h3 Qh5 20. Rff1 Bh4 21. Qf3 Qxf3 22. Rxf3 Rf7 23. Bf2 Be7 24. Be3 Raf8 25.
Kf2 Kg7 26. Ke2 h5 27. g4 hxg4 28. hxg4 Rh8 29. Rdf1 Rh4 30. Rg1 Rf8 31. f5 Rh2+ 32. Bf2 Bh4 33. f6+ Kf7 34. g5 Rh8 35. Ke3 Bxf2+ 36.
Rxf2 R8h3+ 37. Rf3 d4+ 38. Ke4 Re2+ 39. Kd3 Rxf3+ 40. Kxe2 Re3+ 41. Kd2 Rxe5 42. Rg4 dxc3+ 43. Kxc3 Rf5 44. Kc4 a6 45. b3 e5 46. Kd5 Rf4 47.
Rg3 e4 48. Rh3 Rf5+ 49. Kd6 Rxg5 50. Re3 Kxf6 51. Rxe4 Rf5 52. Re6+ Kg5 53. Kc7 b5 54. Rxa6 c4 55. bxc4 bxc4 56. Rc6 Rf4 57. a4 c3 58. a5 Ra4 59. Rxc3 Rxa5 60. Kd6 Kf4 61. Rc4+ Kf5 0-1

[Event "Betsys MČR v online bleskovém šachu 2021"]
[Site "Chess.com"]
[Date "2021.04.17"]
[Round "2"]
[White "MametevArtem097"]
[Black "Clockwork7orange"]
[Result "0-1"]
[WhiteElo "1980"]
[BlackElo "2314"]
[TimeControl "180+1"]
[EndTime "9:18:59 PDT"]
[Termination "Uživatel Clockwork7orange zvítězil po vzdání soupeře"]

1. d4 c5 2. e3 cxd4 3. exd4 d5 4.
Nf3 Nf6 5. Bd3 Nc6 6. c3 Bg4 7. h3 Bh5 8. Bf4 e6 9. Nbd2 Bd6 10. Bxd6 Qxd6 11. O-O O-O 12. Be2 Ne4 13. Nxe4 dxe4 14. Nd2 Bxe2 15. Qxe2 f5 16. Nc4 Qc7 17. Rad1 Rad8 18.
b4 b5 19. Nb2 a6 20. a4 Qb7 21. axb5 axb5 22. Ra1 Ra8 23. f3 Rxa1 24. Rxa1 Ne7 25. fxe4 fxe4 26. Re1 Rf4 27. g3 Rf3 28. Qxe4 Qxe4 29.
Rxe4 Rxg3+ 30. Kf2 Rxc3 31. Rxe6 Nd5 32. Nd1 Rxh3 33.
Re5 Nxb4 34. Rxb5 Nd3+ 35. Ke2 Nf4+ 36. Kf2 h6 37. Ne3 Nd3+ 38. Ke2 Nf4+ 39. Kf2 g5 40. d5 Kf7 41. Rb7+ Ke8 42. d6 Rh2+ 43. Kf3 Rd2 44. Nf5 h5 45. Ng7+ Kd8 46. Nf5 Kc8 47.
Rc7+ Kd8 48. Rb7 Ne6 49. Rb8+ Kd7 50. Rb7+ Kc8 51. Re7 g4+ 52. Ke4 Re2+ 53. Kd3 Re1 54. Re8+ Kd7 55. Re7+ Kd8 56. Ne3 g3 57. Rxe6 h4 58.
Rh6 Kd7 59. Rxh4 Kxd6 60. Rd4+ Kc7 61. Rc4+ Kd7 62. Rd4+ Kc6 63. Rc4+ Kb5 64. Rd4 Ka5 65. Ke4 g2 66. Kf3 g1=Q 67. Rd5+ Ka6 68. Rd6+ Kb7 69. Rd7+ Kc8 70. Nd5 0-1

[Event "Betsys MČR v online bleskovém šachu 2021"]
[Site "Chess.com"]
[Date "2021.04.17"]
[Round "2"]
[White "Millbo64"]
[Black "Cimrman"]
[Result "1/2-1/2"]
[WhiteElo "2003"]
[BlackElo "2351"]
[TimeControl "180+1"]
[EndTime "9:19:09 PDT"]
[Termination "Remíza opakováním pozice"]

1. d4 Nf6 2. Bf4 d5 3. e3 c6 4. c3 Qb6 5. Qb3 e6 6. Nd2 Be7 7. Ngf3 O-O 8. Bd3 Nbd7 9. O-O c5 10. Qxb6 axb6 11. Ne5 c4 12. Bc2 b5 13. Nxd7 Bxd7 14.
a3 Bc6 15. f3 Nd7 16. Kf2 f6 17. g4 e5 18. Bg3 Bd6 19. Kg2 g6 20. Rae1 Rae8 21.
f4 exd4 22. exd4 Kf7 23. Nf3 Nb6 24. Rxe8 Rxe8 25. Re1 Rxe1 26. Nxe1 Bd7 27. h3 h6 28. Bxg6+ Kxg6 29. f5+ Kf7 30. Bxd6 Na4 31. Nc2 Nxb2 32.
Ne3 Bc6 33. Bb4 Nd3 34. Kf3 Ne1+ 35. Ke2 Nd3 36. Kf3 Nc1 37. Ng2 Nd3 38. Nf4 Kg7 39. Nxd3 cxd3 40. Ke3 Kf7 41. Kxd3 Bd7 42. Ke3 h5 43.
Kf4 hxg4 44. hxg4 Bc6 45. g5 fxg5+ 46. Kxg5 Bd7 47. f6 Ke6 48. Kg6 Be8+ 49. Kg7 Bh5 50. Be7 Be8 51. Kf8 Bh5 52. Bd8 Bg6 53. Be7 Bh5 54.
Kg7 Be8 55. Kh6 Bf7 56. Kg5 Be8 57. Kf4 Bf7 58. Ke3 Be8 59. Kd2 Kf5 60. Kc2 Ke4 61.
Kb3 Kf5 62. Kb4 Ke6 63. Kc5 Bd7 64. Kb6 Bc6 65. Kc7 Kf7 66. Bd8 Ke6 67. Kb6 Kf7 68.
Kc5 Ke6 69. Be7 Be8 70. Bd8 Bc6 71. Kb4 Kf7 72. Kc5 Ke6 1/2-1/2

[Event "Betsys MČR v online bleskovém šachu 2021"]
[Site "Chess.com"]
[Date "2021.04.17"]
[Round "2"]
[White "Emicka1330"]
[Black "Toman_26"]
[Result "1-0"]
[WhiteElo "1651"]
[BlackElo "1054"]
[TimeControl "180+1"]
[EndTime "9:19:11 PDT"]
[Termination "Uživatel Emicka1330 zvítězil po vzdání soupeře"]

1. e4 c5 2. Nc3 d6 3. g3 Nc6 4. Bg2 Nf6 5. d3 g6 6. h3 Bg7 7. Be3 a6 8. Qd2 O-O 9. Bh6 b5 10. h4 Bb7 11. h5 gxh5 12. Qg5 Ne8 13. Rxh5 f6 14. Qg4 Ne5 15. Qh3 Bc8 16. Qh4 Ng6 17. Qh2 Bg4 18. Bxg7 Kxg7 19. Rxh7+ Kg8 20. f3 Bd7 21.
O-O-O Rf7 22. Rxf7 Kxf7 23. Qh7+ Ng7 24. Nd5 Qh8 25.
Qxh8 Rxh8 26. Ne2 Rh2 27. Rg1 Be6 28. Nec3 b4 29. Ne2 Ne5 30. Nc7 Bh3 31. Bxh3 Rxh3 32.
Nxa6 Nxf3 33. Rf1 Ne5 34. Nc7 Nh5 35. Rg1 Nf3 36. Rf1 Nd4 37. Nxd4 cxd4 38. g4 Ng3 39. Re1 Rh4 40. Nd5 Rxg4 41. Nxb4 Rf4 42. Nc6 Nh5 43. Nxd4 Ng7 44. a4 Ne6 45. Nxe6 Kxe6 46. a5 Kd7 47. a6 Kc7 48. Kd2 Rf2+ 49. Kc3 Rh2 50.
Ra1 Rh8 51. a7 Ra8 52. Kd4 Kb7 53. Kd5 Rxa7 54. Rxa7+ Kxa7 55. Ke6 Kb7 56. Kxe7 Kc6 57. Kxf6 Kc5 58. c3 Kb5 59. Ke6 Kc5 60. b4+ Kc6 61. b5+ Kc5 62. e5 Kb6 63. exd6 Kxb5 64.
d7 Ka4 65. d8=Q Kb3 66. Qc7 1-0

[Event "Betsys MČR v online bleskovém šachu 2021"]
[Site "Chess.com"]
[Date "2021.04.17"]
[Round "2"]
[White "Nimrod64"]
[Black "machonza"]
[Result "0-1"]
[WhiteElo "2273"]
[BlackElo "1970"]
[TimeControl "180+1"]
[EndTime "9:19:12 PDT"]
[Termination "Uživatel machonza zvítězil na čas"]

1. d4 Nf6 2. Bg5 d5 3. Bxf6 exf6 4. e3 Bd6 5. c4 dxc4 6. Bxc4 f5 7. Nc3 Nd7 8. Nf3 O-O 9. O-O Nf6 10. a3 Ne4 11.
Qc2 Re8 12. b4 c6 13. Qb3 Be6 14. Rfd1 Nxc3 15. Qxc3 Qe7 16. Qb3 a6 17. Rac1 Rad8 18. h3 Bb8 19. Bxe6 fxe6 20. Rc5 Rd5 21. Rdc1 Bd6 22.
R5c3 h6 23. Nd2 Kh7 24. Nc4 Bc7 25. Qc2 g6 26. g3 e5 27. dxe5 Bxe5 28. Rd3 Red8 29.
Rcd1 Rxd3 30. Rxd3 Bc7 31. Qd2 Kg7 32. Rxd8 Qxd8 33. Qxd8 Bxd8 34. Kf1 Bc7 35. Ke2 Kf6 36. Kd3 Ke6 37. Kd4 Bd8 38. Kc5 Bc7 39. Nb2 Kd7 40. Nc4 Ke6 41. h4 Kd7 42. Kd4 Ke6 43.
f4 h5 44. e4 fxe4 45. Kxe4 Bb8 46. Nd2 Bd6 47. Nf3 c5 48. Ng5+ Kf6 49. Kd5 cxb4 50.
Ne4+ Kf5 51. Nxd6+ Kg4 52. axb4 Kxg3 53. Ke4 b6 54.
Nc4 a5 55. b5 a4 56. Na3 Kxh4 57. Kf3 g5 58. f5 g4+ 59. Kf4 g3 60. Kf3 g2 61. Kxg2 Kg5 62. Kf3 Kxf5 63. Nc4 h4 64. Nxb6 a3 65. Nd5 a2 66. Ne3+ Ke5 67. Nc2 Kd6 68.
Kg4 Kc5 69. Kxh4 Kxb5 70. Kg3 Kc4 71. Kf2 Kb3 72. Nd4+ Kb2 0-1

[Event "Betsys MČR v online bleskovém šachu 2021"]
[Site "Chess.com"]
[Date "2021.04.17"]
[Round "2"]
[White "TommyLud"]
[Black "mendryxchess"]
[Result "1-0"]
[WhiteElo "2139"]
[BlackElo "1736"]
[TimeControl "180+1"]
[EndTime "9:19:12 PDT"]
[Termination "Uživatel TommyLud zvítězil po vzdání soupeře"]

1. d4 Nf6 2. c4 e6 3. Nf3 Bb4+ 4. Nbd2 O-O 5. a3 Bxd2+ 6. Qxd2 d6 7. e3 Nc6 8. b4 Qe7 9. Be2 e5 10. d5 Nb8 11.
Bb2 Bf5 12. O-O Ne4 13. Qd1 Nd7 14. Rc1 Bg6 15. Nd2 Nxd2 16. Qxd2 f5 17. c5 dxc5 18. bxc5 Nxc5 19. Qc3 Ne4 20. Qxe5 Qxe5 21. Bxe5 c6 22. dxc6 bxc6 23. Rxc6 Rfd8 24. Bc4+ Bf7 25. Bxf7+ Kxf7 26. Rc7+ Ke6 27. Bxg7 Rg8 28. Bd4 Kd6 29. Rfc1 Rg6 30. f3 Nd2 31. R1c6+ Kd5 32. Rc5+ Kd6 33. Be5+ Ke6 34.
R7c6+ Ke7 35. Kf2 Nb3 36. Rb5 Rxc6 37. Rxb3 Ke6 38. Bd4 a6 39. Rb2 Rac8 40. Kg3 Kd5 41. Kf4 Ke6 42. h3 Rc2 43. Rxc2 Rxc2 44. g4 fxg4 45.
hxg4 Ra2 46. Bc5 Kf7 47. e4 Ra1 48. Kf5 Rf1 49. f4 h6 50. e5 Rf3 51. e6+ Ke8 52.
Ke5 Rf1 53. f5 Re1+ 54. Kf6 Re4 55. g5 hxg5 56. Kxg5 Re5 57. Bb4 a5 58. Bd6 Rd5 59. Bc7 a4 60. Kg6 Rd3 61. f6 Rxa3 62. f7+ Ke7 63.
f8=Q+ Kxf8 64. Bd6+ Ke8 65. Bxa3 Kd8 66. e7+ Ke8 67.
Kf6 Kd7 68. Kf7 Kc6 69. e8=Q+ Kd5 70. Qe6+ Kd4 71. Qc6 Kd3 72. Qxa4 1-0

[Event "Betsys MČR v online bleskovém šachu 2021"]
[Site "Chess.com"]
[Date "2021.04.17"]
[Round "2"]
[White "Eliska0107"]
[Black "MatejKopecky13"]
[Result "1-0"]
[WhiteElo "2018"]
[BlackElo "1464"]
[TimeControl "180+1"]
[EndTime "9:19:12 PDT"]
[Termination "Uživatel Eliska0107 zvítězil matem"]

1. e4 e6 2. d4 d5 3. Nd2 dxe4 4. Nxe4 Nd7 5. Nf3 Ngf6 6. Nc3 Be7 7. Bc4 Nb6 8. Bb3 Bd7 9. O-O Nbd5 10. Ne5 c6 11.
f4 h6 12. Qf3 Rc8 13. Bd2 Nxc3 14. bxc3 Nd5 15. c4 Nf6 16. Rae1 c5 17. c3 cxd4 18. cxd4 Bc6 19. d5 exd5 20. cxd5 Bxd5 21. Bxd5 Qxd5 22. Qxd5 Nxd5 23. Nd3 O-O 24. Re5 Rfd8 25. Rf3 Bf6 26. Re2 Rc2 27. Kf1 Bc3 28. Bxc3 Rxe2 29. Kxe2 Nxc3+ 30. Ke3 Nxa2 31. Rf2 Nc3 32. Rc2 Nd5+ 33. Ke4 Nf6+ 34.
Ke3 Re8+ 35. Kf3 Nd5 36. Ne5 f6 37. Nc4 b5 38. Nd6 Re6 39. Nf5 g6 40. Nxh6+ Kg7 41. Ng4 f5 42. Ne5 b4 43. Rc5 Nf6 44. Rb5 Rc6 45.
Rxb4 Rc3+ 46. Ke2 Ne4 47. Rb7+ Kh6 48. g3 Rc2+ 49. Kd3 Rd2+ 50. Kc4 Nd6+ 51. Kc3 Rd1 52. Rxa7 Rh1 53. Ra6 Ne4+ 54. Kd4 Rxh2 55. Rxg6+ Kh7 56. Ra6 Rd2+ 57. Ke3 Rb2 58. Nf3 Rb3+ 59. Ke2 Rb2+ 60.
Ke3 Rb3+ 61. Ke2 Nxg3+ 62. Kf2 Ne4+ 63. Kg2 Rb2+ 64. Kh3 Rb1 65. Ng5+ Nxg5+ 66. fxg5 Rb3+ 67. Kh4 Rb1 68. Kg3 Rb3+ 69. Kf4 Rb5 70. g6+ Kg7 71.
Kg5 Rc5 72. Ra7+ Kg8 73. Kh6 Rc6 74. Ra8+ Rc8 75. Rxc8# 1-0

[Event "Betsys MČR v online bleskovém šachu 2021"]
[Site "Chess.com"]
[Date "2021.04.17"]
[Round "2"]
[White "RousekJan"]
[Black "Marcus_Aurelius_CZ"]
[Result "1/2-1/2"]
[WhiteElo "1789"]
[BlackElo "1374"]
[TimeControl "180+1"]
[EndTime "9:19:43 PDT"]
[Termination "Remíza patem"]

1. e4 e6 2. d4 d5 3. Nd2 dxe4 4.
Nxe4 Nf6 5. Bg5 Be7 6. Nxf6+ Bxf6 7. Bxf6 Qxf6 8. Nf3 Nc6 9. c3 O-O 10. Be2 e5 11.
dxe5 Nxe5 12. O-O Nxf3+ 13. Bxf3 Rb8 14. Re1 b6 15. Re3 Bf5 16. Qe2 Rbd8 17. Re1 h6 18. Be4 Rfe8 19. Bxf5 Rxe3 20. Qxe3 Qxf5 21. h3 Qd7 22. Kh2 Qd6+ 23. g3 Kf8 24. Re2 Qd7 25. Qe4 Re8 26. Qf3 Rxe2 27. Qxe2 Qe7 28. Qd2 Qe6 29.
Qd8+ Qe8 30. Qxc7 Qe7 31. Qb8+ Qe8 32. Qxa7 b5 33. Qc5+ Kg8 34. Qe3 Qd7 35. b3 Kh7 36. c4 bxc4 37. bxc4 Qc6 38. c5 Kg8 39. Qd4 g6 40. Qd8+ Kg7 41. Qd6 Qa4 42. c6 Qa7 43. Qe5+ f6 44. Qe3 Qc7 45. Qe6 Qb6 46. Qd7+ Kg8 47.
Qe8+ Kh7 48. Qd7+ Kg8 49. Qe8+ Kh7 50. Qe3 Qxc6 51. a3 Kg7 52. Qb3 Qc7 53. a4 Qa7 54. Qc2 Kf7 55. Kg2 Qb7+ 56. f3 Qa7 57. g4 g5 58. Qc4+ Kg6 59. Qb5 Qe7 60. Qf5+ Kg7 61.
Kf2 Qa7+ 62. Kg3 Qxa4 63. Qe4 Qxe4 64. fxe4 Kf7 65. Kf3 Ke7 66. Ke3 Kd7 67. Kd4 Kd6 68. Ke3 Ke5 69. Kf3 Kd4 70. Kg3 Kxe4 71. h4 Ke3 72. h5 Ke4 73. Kg2 Kf4 74. Kh3 Kf3 75. Kh2 Kxg4 76. Kg2 Kxh5 77. Kh3 Kg6 78. Kg3 h5 79.
Kf3 h4 80. Kg4 f5+ 81. Kh3 Kh5 82. Kg2 g4 83. Kh2 Kg5 84. Kg2 f4 85. Kf2 h3 86. Kg1 Kh4 87. Kh2 g3+ 88. Kg1 Kg4 89. Kf1 f3 90. Kg1 h2+ 91. Kh1 Kh3 1/2-1/2

[Event "Betsys MČR v online bleskovém šachu 2021"]
[Site "Chess.com"]
[Date "2021.04.17"]
[Round "3"]
[White "alenka777"]
[Black "Figo5144"]
[Result "1-0"]
[WhiteElo "1277"]
[BlackElo "569"]
[TimeControl "180+1"]
[EndTime "9:21:53 PDT"]
[Termination "Uživatel alenka777 zvítězil matem"]

1. e4 d5 2. Nc3 d4 3. Nce2 Nc6 4. Nf3 Nf6 5. e5 Ng4 6. Nfxd4 Ngxe5 7. Nxc6 bxc6 8. d4 Ng6 9. g3 Bg4 10. Bg2 Bxe2 11. Qxe2 Qxd4 12. O-O O-O-O 13. Bxc6 e6 14. Qa6+ Kb8 15. Qb7# 1-0

[Event "Betsys MČR v online bleskovém šachu 2021"]
[Site "Chess.com"]
[Date "2021.04.17"]
[Round "3"]
[White "Evca64"]
[Black "prosinec"]
[Result "1-0"]
[WhiteElo "2074"]
[BlackElo "1723"]
[TimeControl "180+1"]
[EndTime "9:22:25 PDT"]
[Termination "Uživatel Evca64 zvítězil po vzdání soupeře"]

1. e4 d6 2. d4 Nf6 3. Nc3 c6 4. f4 Qa5 5. Nf3 Bg4 6. Bd3 e5 7. Be3 Nbd7 8. Qd2 Bxf3 9. gxf3 Be7 10. O-O-O O-O 11. Kb1 b5 12. Nd5 Qxd2 13. Nxe7+ Kh8 14. Rxd2 1-0

[Event "Betsys MČR v online bleskovém šachu 2021"]
[Site "Chess.com"]
[Date "2021.04.17"]
[Round "3"]
[White "tomasPardubice"]
[Black "CZpeeeter"]
[Result "1-0"]
[WhiteElo "2077"]
[BlackElo "1725"]
[TimeControl "180+1"]
[EndTime "9:22:27 PDT"]
[Termination "Uživatel tomasPardubice zvítězil po vzdání soupeře"]

1. e4 e5 2. Nf3 Nc6 3. Bb5 Nge7 4. O-O g6 5. c3 Bg7 6. d4 exd4 7. cxd4 d5 8. exd5 Qxd5 9. Nc3 Qd8 10. d5 Bxc3 11. dxc6 bxc6 12. Qxd8+ Kxd8 13. bxc3 cxb5 14. Bg5 Be6 15. Nd4 a6 16. Nc6+ Kd7 17. Nxe7 h6 18. Bf6 Rhe8 19. Rfd1+ 1-0

[Event "Betsys MČR v online bleskovém šachu 2021"]
[Site "Chess.com"]
[Date "2021.04.17"]
[Round "3"]
[White "phil3"]
[Black "maelic"]
[Result "1-0"]
[WhiteElo "2159"]
[BlackElo "1779"]
[TimeControl "180+1"]
[EndTime "9:22:42 PDT"]
[Termination "Uživatel phil3 zvítězil po vzdání soupeře"]

1. e4 e6 2. d4 d5 3. Nc3 Bb4 4. e5 c5 5. a3 Bxc3+ 6. bxc3 Qc7 7. Qg4 f5 8. Qg3 Ne7 9. Ne2 b6 10. a4 Ba6 11. Ba3 O-O 12. Nf4 Bxf1 13. Nxe6 Qxe5+ 14. Qxe5 1-0

[Event "Betsys MČR v online bleskovém šachu 2021"]
[Site "Chess.com"]
[Date "2021.04.17"]
[Round "3"]
[White "Tlaskin"]
[Black "vikysachy"]
[Result "1-0"]
[WhiteElo "1367"]
[BlackElo "851"]
[TimeControl "180+1"]
[EndTime "9:22:42 PDT"]
[Termination "Uživatel Tlaskin zvítězil matem"]

1. e4 e5 2. Nf3 Nc6 3. Nc3 Bc5 4. Nxe5 Nxe5 5. d4 Bxd4 6. Qxd4 Nc6 7. Qxg7 Qe7 8.
Qxh8 Qxe4+ 9. Nxe4 d5 10. Qxg8+ Ke7 11. Bg5+ Ke6 12. Nc5+ Kd6 13. Qf8+ Ke5 14. O-O-O Kf5 15. Qh6 Ke5 16. Qf6# 1-0

[Event "Betsys MČR v online bleskovém šachu 2021"]
[Site "Chess.com"]
[Date "2021.04.17"]
[Round "3"]
[White "catanist19"]
[Black "Tah_na_g12"]
[Result "1-0"]
[WhiteElo "1738"]
[BlackElo "1177"]
[TimeControl "180+1"]
[EndTime "9:22:47 PDT"]
[Termination "Uživatel catanist19 zvítězil matem"]

1. d4 Nf6 2. c4 e6 3. Nc3 d5 4.
e3 c6 5. Nf3 Bb4 6. Bd3 b6 7. O-O c5 8. a3 cxd4 9. axb4 dxc3 10.
bxc3 dxc4 11. Bxc4 Qxd1 12. Rxd1 Nc6 13. Bb5 Bb7 14.
Ne5 O-O 15. Bxc6 Bxc6 16. Nxc6 Rac8 17. Ne7+ Kh8 18. Nxc8 Rxc8 19. Bb2 Nd5 20. Rxa7 Nxc3 21. Bxc3 Rxc3 22. Rd8# 1-0

[Event "Betsys MČR v online bleskovém šachu 2021"]
[Site "Chess.com"]
[Date "2021.04.17"]
[Round "3"]
[White "Petr_Zacek"]
[Black "Petulak08"]
[Result "1-0"]
[WhiteElo "1779"]
[BlackElo "1206"]
[TimeControl "180+1"]
[EndTime "9:22:49 PDT"]
[Termination "Uživatel Petr_Zacek zvítězil matem"]

1. d4 Nf6 2. Bg5 h6 3. Bxf6 gxf6 4. e4 Bg7 5. c3 e5 6. Nf3 c6 7. Bd3 Qb6 8. Qc2 d6 9. O-O Bg4 10. dxe5 fxe5 11. Nbd2 Bf6 12. Nc4 Bxf3 13. Nxb6 Rg8 14. g3 axb6 15. Be2 Bxe2 16. Qxe2 Rg5 17. a3 Nd7 18. f4 Ke7 19. fxg5 Ke8 20. gxf6 d5 21. Qg4 Kf8 22. Qg7+ Ke8 23. Qg8+ Nf8 24. Rf5 dxe4 25. Rxe5+ Kd7 26. Qxf7+ Kd6 27. Qe7# 1-0

[Event "Betsys MČR v online bleskovém šachu 2021"]
[Site "Chess.com"]
[Date "2021.04.17"]
[Round "3"]
[White "MartinCerveny"]
[Black "PaulS_CR"]
[Result "1-0"]
[WhiteElo "2651"]
[BlackElo "1840"]
[TimeControl "180+1"]
[EndTime "9:22:51 PDT"]
[Termination "Uživatel MartinCerveny zvítězil po vzdání soupeře"]

1. d4 Nf6 2. c4 e6 3. Nf3 Bb4+ 4. Bd2 Qe7 5. e3 Bxd2+ 6. Nbxd2 b6 7. Bd3 d5 8. Rc1 O-O 9. O-O Bb7 10. cxd5 exd5 11.
Ne5 Nfd7 12. Rxc7 Bc8 13. Qc2 Na6 14. Bxa6 Qd6 15. Bxc8 1-0

[Event "Betsys MČR v online bleskovém šachu 2021"]
[Site "Chess.com"]
[Date "2021.04.17"]
[Round "3"]
[White "HerjoAnpe"]
[Black "Newyork6"]
[Result "1-0"]
[WhiteElo "1246"]
[BlackElo "333"]
[TimeControl "180+1"]
[EndTime "9:22:57 PDT"]
[Termination "Uživatel HerjoAnpe zvítězil matem"]

1. d4 Nc6 2. Nf3 b6 3. e3 Bb7 4.
c3 e6 5. Nbd2 Be7 6. Bd3 Nf6 7.
O-O O-O 8. Qc2 a6 9. e4 Ra7 10.
e5 d6 11. exf6 gxf6 12. Bxh7+ Kh8 13. Nh4 d5 14. Ndf3 Nxd4 15. Nxd4 c6 16. Qd3 b5 17. Nhf3 Ra8 18. Nd2 a5 19. Qh3 Ba6 20. Bf5+ Kg8 21. Qh7# 1-0

[Event "Betsys MČR v online bleskovém šachu 2021"]
[Site "Chess.com"]
[Date "2021.04.17"]
[Round "3"]
[White "Staci_fiknout_Navara_Plat"]
[Black "ritchi12"]
[Result "1-0"]
[WhiteElo "1637"]
[BlackElo "1113"]
[TimeControl "180+1"]
[EndTime "9:23:00 PDT"]
[Termination "Uživatel Staci_fiknout_Navara_Plat zvítězil matem"]

1. c4 e5 2. Nc3 Nf6 3. g3 Bc5 4.
Bg2 Ng4 5. e3 d6 6. Nge2 O-O 7.
d4 exd4 8. Nxd4 Bxd4 9. Qxd4 Qe7 10. O-O Qg5 11. Ne4 Qg6 12. b3 Nc6 13. Qc3 Qh5 14. h3 Nh6 15. h4 Ne5 16. Bb2 Nhg4 17. Rad1 Bf5 18. f4 Ng6 19. Qxg7# 1-0

[Event "Betsys MČR v online bleskovém šachu 2021"]
[Site "Chess.com"]
[Date "2021.04.17"]
[Round "3"]
[White "MatejKopecky13"]
[Black "Toman_26"]
[Result "1-0"]
[WhiteElo "1470"]
[BlackElo "1022"]
[TimeControl "180+1"]
[EndTime "9:23:09 PDT"]
[Termination "Uživatel MatejKopecky13 zvítězil matem"]

1. e4 c5 2. Nc3 d6 3. Nf3 Nc6 4. Bc4 Nf6 5. d3 g6 6. Bg5 Bg7 7. Qd2 O-O 8. Bh6 a6 9. h4 b5 10. Bd5 Nxd5 11. Nxd5 Bxb2 12. Rb1 Bg7 13. Bxg7 Kxg7 14.
h5 Be6 15. hxg6 fxg6 16. Qh6+ Kf7 17. Ng5+ Ke8 18. Nxe6 Qa5+ 19. Kf1 Rf7 20. Nec7+ Kd7 21. Nxa8 Qd8 22. Nab6+ Ke6 23. Qh3+ Ke5 24. f4+ Kd4 25. Qe3# 1-0

[Event "Betsys MČR v online bleskovém šachu 2021"]
[Site "Chess.com"]
[Date "2021.04.17"]
[Round "3"]
[White "Richarlito"]
[Black "Kamilotka"]
[Result "1-0"]
[WhiteElo "2007"]
[BlackElo "1640"]
[TimeControl "180+1"]
[EndTime "9:23:22 PDT"]
[Termination "Uživatel Richarlito zvítězil po vzdání soupeře"]

1. e4 e5 2. Nf3 Nc6 3. Nc3 Nf6 4. d4 exd4 5. Nxd4 d6 6. Bb5 Bd7 7. Bxc6 Bxc6 8. O-O Be7 9. Re1 O-O 10. Bg5 h6 11. Bh4 Nh7 12. Bg3 Bh4 13. Nf5 Bxg3 14.
hxg3 Bd7 15. Nd5 Bxf5 16. exf5 Re8 17. Rxe8+ Qxe8 18. Nxc7 Qc8 19. Nxa8 Qxa8 20. Qxd6 Nf6 21. Rd1 Kh7 22. Qd8 Qxd8 23. Rxd8 Ne4 24. Rd7 Kg8 25.
Rxb7 a5 26. Ra7 Nc5 27. Rxa5 Nd7 28. c4 Nf6 29. c5 Nd7 30. c6 1-0

[Event "Betsys MČR v online bleskovém šachu 2021"]
[Site "Chess.com"]
[Date "2021.04.17"]
[Round "3"]
[White "PavelNo"]
[Black "SamikGame"]
[Result "0-1"]
[WhiteElo "1981"]
[BlackElo "1646"]
[TimeControl "180+1"]
[EndTime "9:23:28 PDT"]
[Termination "Uživatel SamikGame zvítězil po vzdání soupeře"]

1. e4 e5 2. Nf3 Nc6 3. Bb5 Bc5 4. c3 Nf6 5. O-O O-O 6. d4 exd4 7. cxd4 Bb6 8. Nc3 a6 9. Ba4 d5 10. e5 Ne4 11. h3 Bf5 12. Be3 Nxc3 13. bxc3 h6 14. Qd2 Na5 15. Bf4 Nc4 16. Qc1 Rc8 17. Nd2 c5 18.
Nxc4 dxc4 19. dxc5 Bxc5 20. Rd1 Qh4 21. Bg3 Qxg3 0-1

[Event "Betsys MČR v online bleskovém šachu 2021"]
[Site "Chess.com"]
[Date "2021.04.17"]
[Round "3"]
[White "conysek"]
[Black "HCMotorCB"]
[Result "0-1"]
[WhiteElo "2112"]
[BlackElo "2372"]
[TimeControl "180+1"]
[EndTime "9:23:30 PDT"]
[Termination "Uživatel HCMotorCB zvítězil po vzdání soupeře"]

1. e4 c5 2. d4 cxd4 3. c3 d3 4. Bxd3 g6 5. Nf3 Bg7 6. O-O Nc6 7. Nbd2 d6 8. Nb3 Nf6 9. Nbd4 O-O 10. Be3 a6 11. Qd2 Qc7 12. Rac1 Ng4 13. Bf4 e5 14. Nxc6 bxc6 15. Bg3 Be6 16. h3 Nf6 17. a3 Rfd8 18.
c4 Rab8 19. Qc3 c5 20. Rfd1 Nd7 21. Rb1 a5 22. Nd2 Rb7 23. Nf1 Nb8 24. Ne3 Nc6 25.
Nd5 Bxd5 26. cxd5 Nd4 27. b4 Rdb8 28. bxc5 Rxb1 29. Rxb1 Rxb1+ 30. Bxb1 Ne2+ 0-1

[Event "Betsys MČR v online bleskovém šachu 2021"]
[Site "Chess.com"]
[Date "2021.04.17"]
[Round "3"]
[White "WhiteLittleHorse"]
[Black "trosecnik"]
[Result "0-1"]
[WhiteElo "961"]
[BlackElo "1843"]
[TimeControl "180+1"]
[EndTime "9:23:34 PDT"]
[Termination "Uživatel trosecnik zvítězil matem"]

1. e4 c5 2. Nf3 Nc6 3. Bc4 e6 4. e5 d5 5. Bb3 Qc7 6. c3 Nxe5 7. Nxe5 Qxe5+ 8. Qe2 Qxe2+ 9. Kxe2 Nf6 10. d4 cxd4 11.
cxd4 Bd7 12. Bg5 Be7 13. Bxf6 Bxf6 14. Nc3 Bxd4 15. Rad1 Bxc3 16. bxc3 Rc8 17. Rd3 Bb5 18. c4 dxc4 19. Rc3 cxb3+ 20. Kf3 Rxc3+ 21. Kg4 O-O 22. Rd1 bxa2 23. Ra1 h5+ 24. Kxh5 Rc4 25. g4 Rd8 26.
Rxa2 Rd5+ 27. g5 f6 28. h4 fxg5 29. hxg5 Be8# 0-1

[Event "Betsys MČR v online bleskovém šachu 2021"]
[Site "Chess.com"]
[Date "2021.04.17"]
[Round "3"]
[White "tondapesek"]
[Black "Klokan64"]
[Result "1/2-1/2"]
[WhiteElo "1075"]
[BlackElo "1422"]
[TimeControl "180+1"]
[EndTime "9:23:35 PDT"]
[Termination "Remíza opakováním pozice"]

1. e4 d6 2. d4 Nf6 3. Nc3 c6 4. Nf3 Bg4 5. Be2 e6 6. h3 Bh5 7. g4 Bg6 8. Bd2 Be7 9. O-O h5 10. gxh5 Rxh5 11. Kh2 Nxe4 12. Nxe4 Bxe4 13. Ng5 Rxg5 14.
Bxg5 Bxg5 15. Kg3 Bh4+ 16. Kh2 Qg5 17. Bf3 Qf4+ 18. Kg2 Qg5+ 19. Kh2 Bf5 20. Bg4 Qf4+ 21. Kg2 Be4+ 22. Bf3 Qg5+ 23. Kh2 1/2-1/2

[Event "Betsys MČR v online bleskovém šachu 2021"]
[Site "Chess.com"]
[Date "2021.04.17"]
[Round "3"]
[White "tkokosek007"]
[Black "Maty_2010"]
[Result "1-0"]
[WhiteElo "1401"]
[BlackElo "895"]
[TimeControl "180+1"]
[EndTime "9:23:35 PDT"]
[Termination "Uživatel tkokosek007 zvítězil matem"]

1. d4 d5 2. Bf4 Bf5 3. e3 Nc6 4. Nf3 Qd7 5. Nbd2 O-O-O 6. Bb5 Nf6 7. O-O e6 8. Ne5 Bb4 9. Nxd7 Rxd7 10. Bxc6 bxc6 11.
a3 Ba5 12. Nb3 Bb6 13. Nc5 Bxc5 14. dxc5 Re8 15. Qe2 e5 16. Bg3 d4 17. Qa6+ Kb8 18. exd4 exd4 19. Rfe1 Rf8 20. Qxc6 h5 21. Bh4 Ng4 22.
Re7 Rdd8 23. Qxc7+ Ka8 24. Qb7# 1-0

[Event "Betsys MČR v online bleskovém šachu 2021"]
[Site "Chess.com"]
[Date "2021.04.17"]
[Round "3"]
[White "koky_3"]
[Black "JaraLinhart"]
[Result "1-0"]
[WhiteElo "2052"]
[BlackElo "1676"]
[TimeControl "180+1"]
[EndTime "9:23:38 PDT"]
[Termination "Uživatel koky_3 zvítězil po vzdání soupeře"]

1. e4 e5 2. f4 exf4 3. Nf3 g5 4. h4 g4 5. Ne5 Nf6 6. Bc4 d5 7. exd5 Bd6 8. d4 h5 9. Bxf4 Bf5 10. Nc3 a6 11.
O-O O-O 12. Bg5 1-0

[Event "Betsys MČR v online bleskovém šachu 2021"]
[Site "Chess.com"]
[Date "2021.04.17"]
[Round "3"]
[White "CzechMerlin"]
[Black "machajda"]
[Result "0-1"]
[WhiteElo "1666"]
[BlackElo "2021"]
[TimeControl "180+1"]
[EndTime "9:23:38 PDT"]
[Termination "Uživatel machajda zvítězil po vzdání soupeře"]

1. d4 Nf6 2. c4 e6 3. Nc3 Bb4 4. Nf3 c5 5. d5 d6 6. Bg5 O-O 7.
Qc2 Nbd7 8. a3 Bxc3+ 9. Qxc3 e5 10.
e3 h6 11. Bh4 g5 12. Bg3 Ne4 13. Qc2 f5 14. Bd3 Ndf6 15. h3 Nxg3 16. fxg3 e4 17.
Bxe4 Nxe4 18. g4 Qe7 19. O-O-O Bd7 20. gxf5 Bxf5 21. g4 Bh7 22. Qg2 Rae8 23. h4 Ng3 24. Qxg3 Qxe3+ 0-1